U-S-A x4 in 4v4s

Match 23439477
End
Kettenkrad Recon Vehicle
Construct Infanterie Kompanie
MG 42 Machine Gun Team
MG 42 Machine Gun Team
Grenadier Squad
Construct Panzergrenadier Kompanie
251 Medium Carrier
251 Medium Carrier
MG 42 Bunker
Selects Mechanized Battlegroup
Selects Mechanized Battlegroup
Panzergrenadier Squad
Selects Mobile Repair Stations
Construct Panzer Kompanie
Selects Raid Package
Panzergrenadier Squad
Sturmpanzer IV Brummbär
Selects Stoßtruppen Assault Package
Selects Zeroing Artillery Barrage
Panzergrenadier Squad
MG 42 Machine Gun Team
Pioneer Squad
Support Elements
Panzergrenadier Squad
Panzergrenadier Squad
Pioneer Squad
Zeroing Artillery Barrage
赵天天001
菲蕾嘉
Eilte
豪师傅
新颖
ashilrye
Tkil
[EPIC]SAGEKING
0
0

Comments sign in to comment!

No comments posted yet!